Map: Moebius Facility XX-1

Players

Hermes

  • Race: Zerg Zerg
  • League: Gold
  • Spawn Location: 6:00

Kelt

  • Race: Terran Terran
  • League: Gold
  • Spawn Location: 7:00

Loken - Winner!

  • Race: Zerg Zerg
  • League: Platinum
  • Spawn Location: 1:00

dallaskuken - Winner!

  • Race: Protoss Protoss
  • League: Platinum
  • Spawn Location: 12:00

VOD

Have the link to the VOD?

Description

Time

  • Played on: April 11, 2017, 7:11 p.m.
  • Length: 10:39
Show
View Real Time Build Order
Export as new Build Order

Hermes Zerg 

Build Orders: 3 Hatch before Pool, Muta Ling Bane 

Get SALT Encoding   

  12  0:03  Drone  
  13  0:09  Drone  
  14  0:18  Extractor  
  14  0:19  Drone  
  14  0:20  Extractor  
  13  0:24  Drone  
  15  0:31  Overlord  
  16  1:00  Drone x2  
  16  1:01  Hatchery  
  17  1:22  Hatchery  
  16  1:38  Spawning Pool  
  15  1:41  Drone  
  15  1:44  Drone  
  17  1:47  Drone  
  18  1:55  Drone  
  19  2:06  Extractor  
  19  2:07  Drone  
  19  2:12  Extractor  
  19  2:15  Drone  
  19  2:17  Drone  
  20  2:26  Drone  
  20  2:27  Drone  
  22  2:32  Queen  
  22  2:34  Queen  
  22  2:37  Drone  
  27  2:40  Drone  
  28  2:49  Drone x2  
  30  2:52  Drone  
  30  2:58  Overlord  
  31  3:04  Metabolic Boost  
  31  3:11  Baneling Nest  
  30  3:21  Drone x4  
  34  3:30  Lair  
  34  3:34  Drone  
  34  3:38  Drone x2  
  37  3:44  Drone x2  
  39  3:49  Spore Crawler  
  38  3:57  Spore Crawler  
  37  4:10  Queen  
  37  4:16  Zergling x6  
  42  4:20  Overlord x2  
  42  4:22  Overlord  
  42  4:30  Centrifical Hooks  
  42  4:32  Evolution Chamber  
  42  4:35  Evolution Chamber  
  42  4:37  Drone x2  
  42  4:39  Drone  
  42  4:42  Zergling x2  
  42  4:43  Zergling x2  
  45  4:48  Zergling x2  
  45  4:49  Zergling x4  
  48  4:57  Zergling x8  
  52  5:01  Zerg Melee Weapons Level 1  
  52  5:08  Zerg Ground Armor Level 1  
  52  5:10  Zergling x2  
  52  5:14  Overlord  
  53  5:18  Drone x3  
  53  5:21  Drone  
  57  5:22  Drone  
  58  5:33  Zergling x10  
  63  5:39  Zergling x6  
  63  5:42  Overseer  
  66  5:52  Zergling x2  
  66  5:53  Zergling x10  
  66  5:56  Baneling x5  
  66  5:57  Baneling  
  72  5:59  Baneling x3  
  72  6:00  Baneling  
  72  6:01  Baneling  
  72  6:02  Baneling  
  72  6:10  Zergling x4  
  74  6:20  Overlord x2  
  74  6:35  Overlord x2  
  74  6:43  Spire  
  73  6:54  Queen x3  
  65  7:08  Spore Crawler  
  65  7:10  Spore Crawler  
  50  7:16  Spore Crawler  
  50  7:17  Spore Crawler  
  50  7:20  Spore Crawler  
  50  7:21  Spore Crawler  
  21  7:52  Drone  
  21  7:53  Drone x16  
  38  8:06  Drone x3, Extractor  
  38  8:08  Drone x2  
  38  8:09  Drone, Extractor  
  42  8:15  Mutalisk x2  
  46  8:20  Mutalisk x3  
  52  8:30  Mutalisk  
  52  8:31  Mutalisk x3  
  58  9:05  Zergling x6  
  58  9:06  Zergling x18  
  46  9:39  Zergling x18  
  33  10:12  Mutalisk  
Show
View Real Time Build Order
Export as new Build Order

Kelt Terran 

Build Orders:  

Get SALT Encoding   

  12  0:03  SCV  
  13  0:15  SCV  
  14  0:22  Supply Depot  
  14  0:33  SCV  
  15  0:45  SCV  
  15  0:46  Barracks  
  16  1:01  SCV  
  17  1:17  Command Center  
  17  1:25  SCV  
  18  1:29  Refinery  
  18  1:35  Marine  
  18  1:37  SCV  
  20  1:47  Barracks  
  20  1:51  SCV  
  21  1:59  Marine  
  22  2:09  Barracks  
  22  2:20  Orbital Command  
  22  2:34  Barracks  
  22  2:44  Factory  
  23  2:58  SCV  
  23  3:00  Orbital Command  
  23  3:10  Marine x2  
  25  3:13  Marine  
  26  3:20  SCV  
  26  3:26  Engineering Bay  
  27  3:33  SCV  
  28  3:37  SCV  
  29  3:49  SCV  
  29  3:55  SCV  
  31  3:59  Refinery  
  31  4:01  Missile Turret  
  31  4:05  Missile Turret  
  31  4:14  Factory Tech Lab, Command Center  
  31  4:37  SCV x2  
  33  4:45  Terran Infantry Weapons Level 1  
  33  4:48  Missile Turret  
  33  4:49  Siege Tank, Supply Depot  
  33  4:51  Marine x2  
  38  5:09  Barracks Reactor  
  38  5:16  Barracks Tech Lab  
  38  5:18  Barracks Tech Lab  
  38  5:28  Siege Tank  
  41  5:33  Barracks Reactor  
  41  5:40  Marauder  
  43  5:44  SCV  
  43  5:45  SCV, Supply Depot  
  43  5:48  Refinery  
  45  5:51  Refinery  
  45  5:56  SCV  
  45  5:57  SCV, Missile Turret  
  47  6:09  SCV x2  
  49  6:11  Supply Depot  
  49  6:12  Siege Tank  
  52  6:25  SCV  
  52  6:26  SCV  
  54  6:38  SCV x2  
  56  6:48  Siege Tank  
  56  6:50  SCV  
  56  6:51  Marine  
  61  6:56  Marine  
  61  6:59  Marine  
  61  7:00  Marine x3  
  66  7:09  Marine  
  66  7:13  Marine  
  68  7:17  Marine x4  
  72  7:27  Marine  
  61  7:31  Marine  
  61  7:35  Marine x4  
  66  7:45  Marine  
  66  7:47  Combat Shields  
  66  7:49  Concussive Shells, Marine  
  65  7:52  Marine  
  65  7:53  Marine x3  
  69  8:02  Marine  
  70  8:07  Marine  
  70  8:10  Marine  
  70  8:11  Marine x3  
  70  8:12  Terran Infantry Armor Level 1  
  75  8:20  Marine, Supply Depot  
  75  8:25  Marine  
  75  8:26  Missile Turret  
  74  8:28  Marine  
  74  8:29  Marine x2  
  74  8:30  Missile Turret  
  77  8:38  Missile Turret  
  77  8:41  Missile Turret, Marine  
  77  8:42  Marine  
  57  8:59  Marine  
  54  9:05  Siege Tank  
  38  9:53  Planetary Fortress  
Show
View Real Time Build Order
Export as new Build Order

Loken Zerg - Winner!

Build Orders: Hatch First 

Get SALT Encoding   

  12  0:01  Drone  
  13  0:08  Drone  
  14  0:18  Overlord  
  14  0:45  Drone  
  14  0:46  Hatchery  
  14  0:50  Drone  
  14  0:54  Drone  
  16  0:58  Drone  
  17  1:15  Spawning Pool  
  17  1:17  Drone  
  17  1:20  Drone  
  18  1:29  Drone  
  19  1:33  Extractor  
  18  1:44  Overlord  
  18  1:54  Drone  
  19  2:01  Queen  
  19  2:02  Queen  
  19  2:05  Drone x2  
  25  2:13  Drone  
  26  2:22  Drone x2  
  28  2:38  Lair  
  28  2:46  Extractor  
  28  2:49  Extractor  
  28  2:50  Extractor  
  25  2:52  Drone  
  25  2:53  Drone x5  
  31  3:04  Overlord  
  31  3:05  Overlord  
  31  3:13  Drone x3  
  34  3:24  Drone x4  
  38  3:39  Spire  
  37  3:44  Drone x4  
  41  3:50  Metabolic Boost  
  41  4:00  Drone  
  41  4:01  Drone x4  
  46  4:04  Overlord  
  46  4:19  Drone  
  46  4:20  Drone x5  
  52  4:25  Overlord x2  
  52  4:39  Pneumatized Carapace  
  52  4:53  Hatchery  
  52  4:58  Extractor  
  50  5:00  Extractor  
  50  5:06  Mutalisk x8  
  65  5:36  Mutalisk x3  
  71  5:47  Overlord x3  
  71  5:48  Overlord  
  71  5:50  Drone  
  71  5:51  Drone x4  
  76  6:00  Zerg Flyer Weapons Level 1  
  76  6:06  Infestation Pit  
  75  6:20  Drone x9  
  84  6:47  Mutalisk  
  84  6:48  Mutalisk x6  
  92  7:05  Zergling x4  
  92  7:06  Zergling x10  
  75  7:43  Queen  
  77  7:49  Mutalisk x4  
  77  7:50  Mutalisk x3  
  91  7:59  Queen  
  91  8:00  Queen  
  95  8:05  Hatchery  
  45  8:57  Zergling x8  
  45  8:58  Zergling x22  
  60  9:22  Mutalisk  
  60  9:23  Mutalisk x6  
  67  10:08  Zergling x16  
  67  10:09  Zergling x20  
Show
View Real Time Build Order
Export as new Build Order

dallaskuken Protoss - Winner!

Build Orders:  

Get SALT Encoding   

  12  0:01  Probe (Chrono Boost)  
  13  0:11  Probe (Chrono Boost)  
  14  0:22  Probe (Chrono Boost)  
  14  0:23  Pylon  
  15  0:41  Probe (Chrono Boost)  
  16  0:51  Probe (Chrono Boost)  
  16  0:53  Gateway  
  17  0:57  Gateway  
  17  1:02  Probe (Chrono Boost)  
  18  1:13  Probe (Chrono Boost)  
  19  1:19  Pylon  
  19  1:23  Probe (Chrono Boost)  
  20  1:27  Assimilator  
  20  1:31  Assimilator  
  20  1:34  Probe (Chrono Boost)  
  20  1:35  Pylon  
  21  1:44  Cybernetics Core  
  21  1:45  Probe (Chrono Boost)  
  22  1:57  Probe (Chrono Boost)  
  23  2:07  Probe (Chrono Boost)  
  24  2:18  Probe (Chrono Boost)  
  24  2:20  Warp Gate  
  24  2:21  Stalker  
  27  2:24  Stalker  
  27  2:28  Forge  
  29  2:30  Probe (Chrono Boost)  
  30  2:47  Pylon  
  30  2:50  Probe (Chrono Boost)  
  31  2:52  Stalker  
  33  3:04  Protoss Ground Weapons Level 1  
  33  3:07  Photon Cannon  
  33  3:12  Photon Cannon, Probe (Chrono Boost)  
  34  3:15  Stalker  
  36  3:26  Mothership Core (Chrono Boost)  
  38  3:30  Stalker  
  40  3:54  Pylon  
  40  4:01  Stalker  
  42  4:29  Stalker  
  44  4:37  Nexus  
  44  4:40  Assimilator  
  44  4:42  Assimilator  
  44  4:44  Gateway  
  44  4:48  Gateway  
  44  4:59  Pylon  
  44  5:03  Protoss Ground Armor Level 1  
  44  5:04  Probe (Chrono Boost)  
  45  5:11  Stalker x2  
  49  5:16  Probe (Chrono Boost)  
  50  5:28  Probe (Chrono Boost)  
  51  5:31  Photon Cannon  
  51  5:34  Pylon  
  51  5:40  Probe (Chrono Boost)  
  52  5:52  Probe x2 (Chrono Boost)  
  54  5:59  Sentry x2  
  54  6:00  Sentry  
  54  6:02  Probe (Chrono Boost)  
  54  6:03  Twilight Council  
  62  6:04  Probe (Chrono Boost)  
  62  6:11  Pylon  
  62  6:13  Probe (Chrono Boost)  
  62  6:16  Photon Cannon  
  63  6:19  Pylon  
  63  6:23  Probe (Chrono Boost)  
  64  6:25  Stalker  
  66  6:35  Probe (Chrono Boost)  
  66  6:37  Stalker x2  
  66  6:38  Stalker  
  73  6:41  Protoss Ground Weapons Level 2  
  73  6:45  Probe (Chrono Boost)  
  74  6:55  Stalker  
  76  7:01  Stalker x3  
  82  7:28  Stalker  
  82  7:29  Stalker x3  
  90  7:53  Stalker x4  
  90  7:58  Blink  
  98  8:34  Stalker x2  
  102  8:45  Pylon  
  102  8:47  Pylon  
  102  8:53  Nexus  
  102  8:56  Pylon  
  102  8:58  Pylon  
  86  10:09  Stalker x2  
  86  10:10  Stalker x2  
Tags
 
Add a new tag
Caveats
  • Supply blocks, unpowered buildings, or Contaminate may cause inaccurate times.
  • Supply counts are checked every 10 seconds.